 Dungeon Crawl Stone Soup version 0.26-a0-259-g1effd001a9 (webtiles) character file.

Game seed: 16339303026433009085

1224 sanka the Frost Mage (level 8, 0/57 HPs)
             Began as a Barachi Ice Elementalist on July 12, 2020.
             Slain by a wight
             ... wielding a +0 scimitar
              (2 damage)
             ... on level 6 of the Dungeon.
             The game lasted 00:07:50 (6227 turns).

sanka the Frost Mage (Barachi Ice Elementalist)     Turns: 6227, Time: 00:07:50

Health: 0/57       AC:  9    Str:  9    XL:     8   Next: 47%
Magic:  3/13       EV: 13    Int: 19    God:
Gold:   152        SH:  0    Dex: 12    Spells: 3/14 levels left

rFire    x . .     SeeInvis .   a - +2 hand axe (freeze)
rCold    + . .     Faith    +   (no shield)
rNeg     . . .     Spirit   .   h - +0 robe
rPois    .         Reflect  .   (no helmet)
rElec    .         Harm     .   (no cloak)
rCorr    .                      (no gloves)
MR       .....                  (no boots)
Stlth    ++........             l - amulet of faith
HPRegen  0.19/turn              m - ring of ice
MPRegen  0.13/turn              (no ring)

@: lethally poisoned (0 -> -1), icy armour, frozen ramparts, lightly drained,
slow
A: +LOS, swims, slowness 1, strong legs 1
a: Hop


You were on level 6 of the Dungeon.
You were not hungry.

You visited 1 branch of the dungeon, and saw 6 of its levels.

You collected 152 gold pieces.


Innate Abilities, Weirdness & Mutations

You can be seen from farther away. (+LOS)
You can swim through water.
You cover ground slowly.
You can hop short distances.


   Skills:
 + Level 2.5(2.2) Fighting
 + Level 3.4(3.0) Dodging
 - Level 1.7(1.4) Stealth
 + Level 3.7(3.4) Spellcasting
 + Level 2.4(2.1) Summonings
 + Level 11.0(10.6) Ice Magic


You had 3 spell levels left.
You knew the following spells:

 Your Spells              Type           Power        Failure   Level
a - Ozocubu's Armour      Chrm/Ice       #####...     4%          3
x - Summon Ice Beast      Ice/Summ       #####...     11%         4
y - Frozen Ramparts       Ice            ######       1%          3
z - Freeze                Ice            ####         1%          1

Your spell library contained the following spells:

 Spells                   Type           Power        Failure   Level
 Hailstorm                Conj/Ice       #####...     16%         4

Inventory:

Hand Weapons
 a - a +2 hand axe of freezing (weapon)
 b - a +2 dagger of venom
 v - a +1 flail of draining
Missiles
 i - 218 stones (quivered)
 x - 11 poisoned darts
Armour
 h - a +0 robe (worn)
Jewellery
 l - an amulet of faith (around neck)
 m - a ring of ice (left hand)
Wands
 A - a wand of random effects (11)
Scrolls
 d - 4 scrolls of identify {unknown}
 f - a scroll of enchant weapon {unknown}
 g - 4 scrolls of magic mapping {unknown}
 j - a scroll of remove curse {unknown}
 k - a scroll of amnesia {unknown}
 q - a scroll of fear {unknown}
 u - a scroll of noise {unknown}
 y - a scroll of fog {unknown}
Potions
 e - 6 potions of curing {unknown}
 n - 2 potions of flight {unknown}
 o - a potion of mutation {unknown}
 p - a potion of brilliance {unknown}
 r - 2 potions of magic {unknown}
 s - a potion of cancellation {unknown}
 t - a potion of degeneration {unknown}
 w - a potion of stabbing {unknown}
 z - a potion of haste {@q3}
 B - a potion of resistance {unknown}
 C - a potion of lignification {unknown}
 D - a potion of ambrosia {unknown}
Comestibles
 c - 14 rations

Dungeon Overview and Level Annotations

Branches:
Dungeon (6/15)
 Temple: D:4-7

Altars:
Ashenzari
Dithmenos
Fedhas
Qazlal
Uskayaw
Xom
The Shining One

..... ...<.
...... .
..... .. ....
....
▒..▒▒▒▒▒..z..
▒.#.#.....%▒
▒..†)z▒
▒.▒▒▒F▒ ▒.▒
... .....
......▒
.....£.▒
.........
.........▒.
.▒...▒▒▒▒▒▒.


You could see a wight.


Message History

Eustachio mumbles some strange words.
Unknown command.
You hit the wight but do no damage.
The wight is heavily damaged.
You hit Eustachio. You freeze Eustachio.
You feel sick.
The wall freezes the bat.
The wall freezes the bat.
The wall freezes the bat.
You kill the bat!
The wall freezes the bat.
The wight resists.
The wall freezes the wight.
The wight misses you.
The wall freezes the bat.
You kill the bat!
The wall freezes Eustachio!
You kill Eustachio!
Your Ice Magic skill increases to level 11!
Unknown command.
Unknown command.
You barely miss the wight.
The wight is severely damaged.
The wight resists.
The wall freezes the wight.
The wight hits you with a +0 scimitar!
* * * LOW HITPOINT WARNING * * *
You feel drained.
You die...

Action                   |  1- 3 |  4- 6 |  7- 9 || total
-------------------------+-------+-------+-------++-------
Melee: Unarmed           |     7 |       |       ||     7
       Dagger            |    12 |    55 |    20 ||    87
       Short sword       |     7 |       |       ||     7
       Hand axe          |       |       |    21 ||    21
 Cast: Freeze            |    45 |    42 |    38 ||   125
       Frozen Ramparts   |       |     5 |     7 ||    12
       Ozocubu's Armour  |       |     1 |     4 ||     5
 Stab: Distracted        |     2 |       |       ||     2
       Sleeping          |     3 |     9 |     2 ||    14
  Eat: Ration            |     1 |     2 |     3 ||     6
Armor: Robe              |    14 |    14 |    19 ||    47
Dodge: Dodged            |    34 |    48 |    53 ||   135

Levels and vault maps discovered:
D:1:      minmay_arrival_cross, layout_loops_ring, hex_tiny, minmay_misc_feat_x
D:2:      layout_loops_ring, grunt_qazlal_sundering, dancing_weapons_uskayaw,
          fedhas_altar_3
D:3:      layout_loops_corners, tso_altar, lemuel_crystal_altar, first_ration,
          minmay_snake_closets
D:4:      layout_basic, nicolae_xom_altar_mimics, uniq_natasha,
          uniq_blork_the_orc, uniq_edmund
D:5:      layout_basic, old_standard_altar, grunt_ministairs_8
D:6:      layout_rooms, hangedman_abyss_or_decor_slice, uniq_prince_ribbit1,
          uniq_eustachio

Notes
Turn   | Place    | Note
-------+----------+-------------------------------------------
     0 | D:1      | sanka the Barachi Ice Elementalist began the quest for the
                  | Orb.
     0 | D:1      | Reached XP level 1. HP: 13/13 MP: 3/3
    53 | D:1      | Reached skill level 5 in Ice Magic
    86 | D:1      | Reached XP level 2. HP: 19/19 MP: 1/5
   614 | D:1      | Reached XP level 3. HP: 21/24 MP: 5/7
   686 | D:1      | Learned a level 3 spell: Frozen Ramparts
   690 | D:1      | Learned a level 3 spell: Ozocubu's Armour
   780 | D:1      | Reached skill level 3 in Spellcasting
  1276 | D:2      | Found a stormy altar of Qazlal.
  1491 | D:2      | Reached skill level 6 in Ice Magic
  1747 | D:2      | Reached XP level 4. HP: 28/30 MP: 4/8
  2142 | D:2      | Found a blossoming altar of Fedhas.
  2351 | D:2      | Noticed a +0 hand axe
  2351 | D:2      | Noticed a +0 hand axe
  2353 | D:2      | Found a hide-covered altar of Uskayaw.
  2574 | D:3      | Reached skill level 7 in Ice Magic
  2574 | D:3      | Reached XP level 5. HP: 34/35 MP: 6/9
  3137 | D:3      | Found a glowing golden altar of the Shining One.
  3606 | D:3      | Found a shattered altar of Ashenzari.
  3826 | D:4      | Noticed Natasha
  3828 | D:4      | Reached skill level 8 in Ice Magic
  3828 | D:4      | Reached XP level 6. HP: 32/41 MP: 7/10
  3834 | D:4      | Killed Natasha
  4001 | D:4      | Reached skill level 9 in Ice Magic
  4036 | D:4      | Noticed Natasha
  4040 | D:4      | Noticed Blork the orc
  4043 | D:4      | Killed Natasha
  4050 | D:4      | Killed Blork the orc
  4050 | D:4      | Reached XP level 7. HP: 26/46 MP: 5/11
  4352 | D:4      | Noticed Edmund
  4355 | D:4      | Found a shimmering altar of Xom.
  4361 | D:4      | Killed Edmund
  4361 | D:4      | Reached skill level 10 in Ice Magic
  4448 | D:4      | Found a shimmering altar of Xom.
  4448 | D:4      | Found a shimmering altar of Xom.
  4449 | D:4      | Found a shimmering altar of Xom.
  4450 | D:4      | Found a shimmering altar of Xom.
  4452 | D:4      | Found a shimmering altar of Xom.
  4452 | D:4      | Found a shimmering altar of Xom.
  4474 | D:4      | Noticed Natasha
  4481 | D:4      | Killed Natasha
  4746 | D:4      | Learned a level 4 spell: Summon Ice Beast
  5110 | D:5      | Entered Level 5 of the Dungeon
  5371 | D:5      | Reached skill level 1 in Fighting
  5386 | D:5      | Found a shadowy altar of Dithmenos.
  5494 | D:5      | Reached skill level 1 in Summonings
  5494 | D:5      | Reached XP level 8. HP: 34/54 MP: 8/12
  6211 | D:6      | Noticed Eustachio
  6216 | D:6      | Reached skill level 3 in Dodging
  6216 | D:6      | Reached skill level 2 in Fighting
  6216 | D:6      | Reached skill level 2 in Summonings
  6226 | D:6      | Killed Eustachio
  6226 | D:6      | Reached skill level 11 in Ice Magic
  6227 | D:6      | HP: 2/57 [wight/+0 scimitar (8)]
  6227 | D:6      | Slain by a wight

Vanquished Creatures
  Eustachio (D:6)
  Edmund (D:4)
  An ogre (D:4)
  A centaur (D:5)
  Blork the orc (D:4)
  4 killer bees (D:6)
  3 hounds (D:4)
  A centaur skeleton (D:5)
  Natasha (thrice) (D:4)
  An iguana (D:2)
  2 orc wizards
  2 worker ants (D:4)
  A worker ant zombie (D:5)
  9 adders
  3 worms
  3 dart slugs
  11 leopard geckos
  13 orcs
  9 ball pythons
  11 giant cockroaches
  8 goblins
  4 hobgoblins
  3 jackals (D:2)
  11 kobolds
  A quokka (D:3)
  10 bats
  7 frilled lizards
  A jackal skeleton (D:5)
  4 rats
130 creatures vanquished.
